 Dungeon Crawl Stone Soup version 0.26.1-2-gb8aa6d0cf2 (webtiles) character file.

Game seed: 6160827408842073220

10736 belegose the Wallflower (level 11, -2/79 (86) HPs)
             Began as a Demonspawn Transmuter on Mar 19, 2021.
             Was an Initiate of Uskayaw.
             Slain by a death ooze (18 damage)
             ... in a Gauntlet.
             The game lasted 00:59:04 (15049 turns).

belegose the Wallflower (Demonspawn Transmuter)    Turns: 15049, Time: 00:59:04

HP:   -2/79 (86)    AC: 17    Str: 21    XL:     11   Next: 40%
MP:   0/16          EV:  9    Int: 12    God:    Uskayaw [......]
Gold: 797           SH: 10    Dex: 13    Spells: 13/14 levels left

rFire    + . .     SeeInvis +   a - +8 hand axe of Dissatisfaction {venom, rElec Int-2 Stlth+}
rCold    + + .     Faith    .   p - +0 kite shield
rNeg     + . .     Spirit   +   I - +0 ice dragon scales
rPois    .         Reflect  .   F - +1 helmet of the Gardener {rN+}
rElec    +         Harm     .   k - +0 cloak
rCorr    .         Rampage  .   b - +0 pair of gloves
Will     .....     NoTele   +   (no boots)
Stlth    +.........             (no amulet)
HPRegen  0.63/turn              i - ring of see invisible
MPRegen  0.30/turn              C - +6 ring of strength

@: mighty, drained
A: talons 1, rugged brown scales 1, fire resistance 2, powered by pain 2,
regeneration 1, magic shield, magic regeneration, MP-powered wands
a: Renounce Religion


You were in a Gauntlet.
You worshipped Uskayaw.
Uskayaw was noncommittal.
You visited 2 branches of the dungeon, and saw 12 of its levels.
You also visited: Ossuary and Gauntlet.

You collected 797 gold pieces.

Inventory:

Hand Weapons
 a - the +8 hand axe of Dissatisfaction (weapon) {venom, rElec Int-2 Stlth+}
   (You found it on level 8 of the Dungeon)

   It poisons the flesh of those it strikes.
   It affects your intelligence (-2).
   It insulates you from electricity.
   It makes you more stealthy.
 o - a +0 rapier
Missiles
 e - 4 curare-tipped darts
 q - 11 boomerangs (quivered)
 w - 24 poisoned darts
 G - 4 javelins
Armour
 b - a +0 pair of gloves (worn)
 c - a +0 tower shield
 k - a +0 cloak (worn)
 p - a +0 kite shield (worn)
 F - the +1 helmet of the Gardener (worn) {rN+}
   (You found it on level 5 of the Dungeon)

   It protects you from negative energy.
 I - +0 ice dragon scales (worn)
Magical Staves
 r - an uncursed staff of fire
Jewellery
 i - a ring of see invisible (left hand)
 z - an uncursed ring of positive energy
 C - a +6 ring of strength (right hand)
 H - an uncursed ring of ice
 L - an uncursed ring of fire
 O - an uncursed ring of resist corrosion
Wands
 g - a wand of polymorph (12)
 s - a wand of iceblast (1)
 P - a wand of random effects (14)
Scrolls
 d - 9 scrolls of identify
 l - a scroll of enchant weapon {unknown}
 n - 10 scrolls of teleportation
 u - a scroll of blinking {unknown}
 y - 3 scrolls of amnesia
 B - a scroll of enchant armour {unknown}
 J - 7 scrolls of remove curse
 K - a scroll of vulnerability {unknown}
 M - a scroll of magic mapping
 Q - 2 scrolls of fear {unknown}
Potions
 f - 2 potions of berserk rage {unknown}
 j - 4 potions of curing
 m - 3 potions of magic {unknown}
 t - a potion of degeneration {unknown}
 v - a potion of lignification {unknown}
 x - a potion of cancellation {unknown}
 A - 3 potions of haste {unknown}
 D - a potion of attraction {unknown}
 E - a potion of ambrosia {unknown}


   Skills:
 + Level 7.4 Fighting
 - Level 3.0 Short Blades
 + Level 3.9 Axes
 + Level 6.7 Throwing
 + Level 6.1 Armour
 - Level 3.2 Dodging
 + Level 6.3 Shields
 - Level 2.6 Unarmed Combat
 - Level 2.0 Spellcasting
 + Level 2.9 Necromancy
 - Level 1.7 Transmutations
 + Level 7.8 Invocations
 + Level 5.8 Evocations


You had 13 spell levels left.
You knew the following spells:

 Your Spells              Type           Power        Failure   Level
b - Animate Skeleton      Necr           16%          61%         1

Your spell library contained the following spells:

 Spells                   Type           Power        Failure   Level
 Pain                     Necr           32%          61%         1
 Sublimation of Blood     Necr           4%           75%         2
 Beastly Appendage        Tmut           10%          77%         1
 Wereblood                Tmut           5%           88%         2
 Vampiric Draining        Necr           4%           93%         3
 Apportation              Tloc           2%           94%         1
 Corona                   Hex            1%           94%         1
 Summon Small Mammal      Summ           4%           94%         1
 Ignite Poison            Fire/Tmut/Pois 2%           99%         3
 Spider Form              Tmut/Pois      1%           99%         3
 Animate Dead             Necr           4%           100%        4
 Ice Form                 Ice/Tmut       3%           100%        4
 Petrify                  Tmut/Erth      3%           100%        4
 Agony                    Necr           8%           100%        5
 Alistair's Intoxication  Tmut/Pois      2%           100%        5
 Blade Hands              Tmut           2%           100%        5
 Irradiate                Conj/Tmut      1%           100%        5
 Eringya's Noxious Bog    Tmut/Pois      1%           100%        6


Dungeon Overview and Level Annotations

Branches:
Dungeon (11/15)            Temple (1/1) D:4            Lair (0/6) D:8
    Orc (0/2) D:10        Ossuary (visited)         Gauntlet (1/1)

Altars:
Ashenzari
Cheibriados
Dithmenos
Elyvilon
Fedhas
Gozag
Hepliaklqana
Kikubaaqudgha
Makhleb
Nemelex Xobeh
Okawaru
Qazlal
Ru
Sif Muna
Trog
Uskayaw
Vehumet
Wu Jian
Xom
Yredelemnul
Zin
The Shining One

Annotations:
D:7 3 runed translucent doors, exclusions: 3 doors and downstairs, thelaststarmaker's ghost, novice HOFi
D:8 exclusion: 3 doors Gauntlet 6 transporters


Innate Abilities, Weirdness & Mutations

You have sharp toenails.
You are partially covered in rugged brown scales. (AC +1, +3% HP)
You sometimes gain power by taking damage.
When hurt, damage is shared between your health and your magic reserves.
You regenerate magic rapidly.
Your flesh is very heat resistant. (rF++)
Your natural rate of healing is unusually fast.
You expend magic power (3 MP) to strengthen your wands.


Message History

Press: ? - help, Shift-Dir - straight line You feel a surge of power!
The mass of ice explodes!
The iceblast engulfs the death ooze!
The death ooze partially resists.
The death ooze is moderately damaged.
You hear a bellow!
You block the jelly's attack.
The death ooze hits you but does no damage.
You block the death ooze's attack.
You stomp with the beat, sending a shockwave through the revellers around you!
The jelly is severely wounded.
The death ooze is heavily damaged.
You can no longer stomp with the beat.
The death ooze hits you!!
* * * LOW HITPOINT WARNING * * *
You focus on the pain.
You feel very mighty all of a sudden. You partially resist.
You feel drained.
* * * LOW HITPOINT WARNING * * *
The death ooze hits you!!
You die...

#..#.#.#.#.#.#..#..#©.#.#.§≈#
≈..#..#.#.#..#..##.##.###.§##
#..#.#.#.#.#.#..#=#.J#.$#..≈#
≈..#..=!©.[..#..#[##§##.#..##
#..###########..#########..≈#
≈..............∩.........§.##
#.......................§..≈#
##≈#≈#≈#≈#≈########≈#§#≈#§###
###########.©..@J#########
#...J..# ...........
............. #.#######.#.##
# .#.# .# # ..


You could see a large slime creature, a death ooze and a jelly.

Vanquished Creatures
  A death ooze (Gauntlet)
  Harold (D:7)
  A two-headed ogre (D:10)
  An unseen horror (D:9)
  An orc knight (D:10)
  A troll (D:9)
  Prince Ribbit (D:7)
  4 flying skulls (Gauntlet)
  3 redbacks (D:8)
  A wyvern (D:9)
  Eustachio (Temple)
  5 yaks (D:8)
  A steam dragon (D:10)
  Duvessa (D:4)
  A water moccasin (D:8)
  4 ice beasts
  8 orc warriors
  A phantom (D:9)
  A black bear (D:7)
  3 ogres
  The ghost of noodleboyJ the Shooter, an amateur DrWn of Dithmenos (D:4)
  An eye of draining (D:6)
  A sky beast (D:7)
  A necrophage (D:7)
  2 centaurs
  2 elf zombies (Ossuary)
  2 bullfrogs
  Dowan (D:4)
  4 scorpions
  A water moccasin skeleton (D:8)
  6 killer bees (D:8)
  3 howler monkeys (D:10)
  2 electric eels (D:10)
  A centaur zombie (D:6)
  2 jellies
  7 orc priests
  4 hounds
  2 human zombies (Ossuary)
  2 centaur skeletons
  11 orc wizards
  6 iguanas
  8 worker ants
  2 big kobold zombies (Ossuary)
  A hound zombie (Ossuary)
  3 mummies (Ossuary)
  A howler monkey zombie (D:9)
  Robin (D:3)
  20 adders
  3 shadow imps
  4 white imps
  An ufetubus (D:9)
  3 oozes
  An adder skeleton (D:9)
  3 adder zombies
  A worm (D:4)
  A dart slug (D:1)
  5 leopard geckos
  49 orcs
  6 ball pythons
  4 bats
  8 giant cockroaches
  A gnoll zombie (Ossuary)
  15 goblins
  5 hobgoblins
  2 jackals (D:4)
  4 kobolds
  3 quokkas
  4 frilled lizards
  3 goblin zombies
  7 hobgoblin zombies
  3 jackal zombies (Ossuary)
  2 kobold skeletons (D:8)
  8 kobold zombies
  2 leopard gecko zombies
  3 orc zombies
  10 quokka zombies
  8 rats
  2 rat zombies (Ossuary)
310 creatures vanquished.

Vanquished Creatures (others)
  An orc wizard (D:3)
  A fungus (D:7)
  3 plants (D:7)
5 creatures vanquished.

Grand Total: 315 creatures vanquished

Notes
Turn   | Place    | Note
-------+----------+-------------------------------------------
     0 | D:1      | belegose the Demonspawn Transmuter began the quest for the
                  | Orb.
     0 | D:1      | Reached XP level 1. HP: 15/15 MP: 3/3
   396 | D:1      | Gained mutation: You sometimes gain a little power by
                  | taking damage. [demonic ancestry]
   396 | D:1      | Reached XP level 2. HP: 19/21 MP: 5/5
  1376 | D:2      | Reached skill level 1 in Short Blades
  1597 | D:2      | Reached skill level 1 in Throwing
  1597 | D:2      | Gained mutation: You are partially covered in rugged brown
                  | scales. (AC +1, +3% HP) [demonic ancestry]
  1597 | D:2      | Reached XP level 3. HP: 19/27 MP: 2/6
  2192 | D:2      | Gained mutation: When hurt, damage is shared between your
                  | health and your magic reserves. [demonic ancestry]
  2192 | D:2      | Reached XP level 4. HP: 32/33 MP: 7/7
  2733 | D:3      | Noticed Robin
  3058 | D:3      | Reached XP level 5. HP: 23/40 MP: 6/8
  3071 | D:3      | Reached skill level 1 in Shields
  3073 | D:3      | Reached skill level 1 in Armour
  3995 | D:3      | Killed Robin
  4287 | D:4      | Gained mutation: You sometimes gain power by taking damage.
                  | [demonic ancestry]
  4287 | D:4      | Reached XP level 6. HP: 31/47 MP: 9/9
  4291 | D:4      | Found a sand-covered staircase.
  4300 | Ossuary  | Entered an ossuary
  5135 | Ossuary  | Reached XP level 7. HP: 36/53 MP: 7/10
  5549 | D:4      | Found a staircase to the Ecumenical Temple.
  5572 | D:4      | Gained mutation: Your natural rate of healing is unusually
                  | fast. [potion of mutation]
  5572 | D:4      | Gained mutation: You tend to lose your temper in combat.
                  | [potion of mutation]
  5572 | D:4      | Gained mutation: You have a pair of small horns on your
                  | head. [potion of mutation]
  5575 | D:4      | Lost mutation: You have a pair of small horns on your head.
                  | [potion of mutation]
  5575 | D:4      | Lost mutation: You tend to lose your temper in combat.
                  | [potion of mutation]
  5575 | D:4      | Gained mutation: You have sharp toenails. [potion of
                  | mutation]
  5575 | D:4      | Gained mutation: Your flesh is heat resistant. (rF+)
                  | [potion of mutation]
  5575 | D:4      | Gained mutation: Your flesh is very heat resistant. (rF++)
                  | [potion of mutation]
  5575 | D:4      | Gained mutation: You expend magic power (3 MP) to
                  | strengthen your wands. [potion of mutation]
  5674 | Temple   | Entered the Ecumenical Temple
  6050 | D:4      | Noticed Eustachio
  6203 | Temple   | Killed Eustachio
  6275 | D:4      | Noticed Dowan
  6404 | D:4      | Noticed Duvessa
  6440 | D:4      | Killed Duvessa
  6449 | D:4      | Killed Dowan
  6521 | D:4      | Found a glowing silver altar of Zin.
  6547 | D:4      | Found a white marble altar of Elyvilon.
  6569 | D:4      | Found a large runed translucent door.
  6570 | D:4      | Found a large runed translucent door.
  6571 | D:4      | Noticed noodleboyJ's ghost (amateur DrWn)
  6644 | D:3      | Reached XP level 8. HP: 62/62 MP: 11/11
  6828 | D:4      | Found a burning altar of Makhleb.
  6828 | D:4      | Found a shadowy altar of Dithmenos.
  6830 | D:4      | Found a shimmering altar of Xom.
  6832 | D:4      | Found a hide-covered altar of Uskayaw.
  6849 | D:4      | Became a worshipper of Uskayaw the Reveller
  6917 | D:5      | Entered Level 5 of the Dungeon
  7166 | D:5      | Reached * piety under Uskayaw
  7255 | D:5      | Reached ** piety under Uskayaw
  7257 | D:5      | Reached skill level 1 in Invocations
  7325 | D:5      | Reached skill level 1 in Evocations
  7360 | D:5      | Got a faintly glowing helmet
  7364 | D:5      | Identified the +1 helmet of the Gardener {rN+} (You found
                  | it on level 5 of the Dungeon)
  8143 | D:6      | Reached skill level 5 in Fighting
  8201 | D:6      | Reached *** piety under Uskayaw
  8459 | D:5      | Gained mutation: You regenerate magic rapidly. [demonic
                  | ancestry]
  8459 | D:5      | Reached XP level 9. HP: 63/70 MP: 9/12
  9617 | D:7      | Noticed Harold
  9700 | D:8      | Found a broken altar of Ashenzari.
  9770 | D:8      | Reached skill level 5 in Throwing
  9893 | D:8      | Found a snail-covered altar of Cheibriados.
  9921 | D:8      | Noticed Psyche
  9924 | D:8      | Noticed Psyche
  9924 | D:8      | Psyche changed into Psyche the water moccasin
  9937 | D:8      | Killed Psyche the water moccasin
 10092 | D:8      | Got a slimy hand axe
 10093 | D:8      | Identified the +8 hand axe of Dissatisfaction {venom, rElec
                  | Int-2 Stlth+} (You found it on level 8 of the Dungeon)
 10296 | D:8      | Reached skill level 5 in Invocations
 10354 | D:8      | Found a glowing golden altar of the Shining One.
 10375 | D:8      | Got a scorched dagger
 10376 | D:8      | Identified the +5 dagger of Yxyomm {antimagic, *Drain rF+
                  | Int+3 Dex+10} (You found it on level 8 of the Dungeon)
 10453 | D:8      | Reached skill level 5 in Shields
 10454 | D:8      | Reached skill level 1 in Axes
 10454 | D:8      | Reached **** piety under Uskayaw
 10518 | D:8      | Reached XP level 10. HP: 78/78 MP: 12/14
 10539 | D:8      | Reached skill level 5 in Armour
 10707 | D:8      | Found a staircase to the Lair.
 11138 | D:8      | Found a runed translucent door.
 11183 | D:8      | Got a scorched hat
 11186 | D:8      | Got a scorched whip
 11187 | D:8      | Identified the cursed +2 whip "Zosefokh" {vorpal, rC- Str+7
                  | Int+3 Stlth+} (You found it on level 8 of the Dungeon)
 11189 | D:8      | Identified the +2 hat of Morality {Harm +Fly} (You found it
                  | on level 8 of the Dungeon)
 11197 | D:8      | Noticed a boulder beetle
 11801 | D:9      | Noticed Maurice
 11802 | D:9      | Noticed Maurice
 11802 | D:9      | Maurice changed into Maurice the adder
 11807 | D:9      | Killed Maurice the adder
 11840 | D:9      | Identified the +1 ring mail of Marbles {Harm rElec rC+}
                  | (You found it on level 9 of the Dungeon)
 11953 | D:9      | Found a basalt altar of Yredelemnul.
 11954 | D:9      | Noticed an unseen horror
 11961 | D:9      | Killed an unseen horror
 12089 | D:9      | Learned a level 1 spell: Animate Skeleton
 12095 | D:10     | Entered Level 10 of the Dungeon
 12252 | D:10     | Reached skill level 5 in Evocations
 12805 | D:10     | Noticed a two-headed ogre
 13028 | D:7      | Killed Harold
 13029 | D:7      | Reached skill level 1 in Necromancy
 13223 | D:7      | Found a runed translucent gate.
 13223 | D:7      | Found a runed translucent gate.
 13223 | D:7      | Found a runed translucent gate.
 13224 | D:7      | Noticed thelaststarmaker's ghost (novice HOFi)
 13224 | D:7      | Identified the +7 whip "Zucw" {venom, rElec Stlth+}
 13231 | D:7      | Noticed Prince Ribbit
 13244 | D:7      | Killed Prince Ribbit
 13270 | D:7      | Mutation became permanent: You have sharp toenails.
                  | [demonic ancestry]
 13270 | D:7      | Gained mutation: You have sharp toenails. [demonic
                  | ancestry]
 13270 | D:7      | Reached XP level 11. HP: 85/86 MP: 14/16
 13579 | D:4      | Killed noodleboyJ's ghost
 13824 | D:10     | Killed a two-headed ogre
 14180 | D:10     | Noticed an orc knight
 14223 | D:10     | Killed an orc knight
 14311 | D:10     | Found a staircase to the Orcish Mines.
 14636 | D:11     | Found a gate leading to a gauntlet.
 14647 | Gauntlet | Entered a Gauntlet
 14647 | Gauntlet | Found a transporter.
 14647 | Gauntlet | Found a transporter.
 14647 | Gauntlet | Found a transporter.
 14647 | Gauntlet | Noticed a death ooze
 14658 | Gauntlet | Found a transporter.
 14660 | Gauntlet | Found a transporter.
 14669 | Gauntlet | Found a transporter.
 14671 | Gauntlet | Found a transporter.
 14674 | Gauntlet | Noticed a death ooze
 14680 | Gauntlet | Found a transporter.
 14697 | Gauntlet | Found a transporter.
 14701 | Gauntlet | Noticed a green death
 14703 | Gauntlet | Found a transporter.
 14705 | Gauntlet | Found a transporter.
 14715 | Gauntlet | Found a transporter.
 14868 | Gauntlet | Killed a death ooze
 15013 | Gauntlet | Reached ***** piety under Uskayaw
 15049 | Gauntlet | Slain by a death ooze

Illustrated notes

Levels and vault maps discovered:
D:1:      moated_graveyard_arrival, layout_basic, serial_aquarium,
          aquarium_bridge_long_joined [aquarium_subvault_window,
          aquarium_subvault_bridge, aquarium_subvault_window,
          aquarium_subvault_window, aquarium_subvault_bridge,
          aquarium_subvault_bridge], aquarium_window_1, aquarium_window_fake,
          aquarium_window_1, aquarium_view_2b, aquarium_view_2c,
          minmay_curled_crystal
D:2:      layout_rooms
D:3:      layout_basic, kennysheep_generic_room_10, uniq_robin
D:4:      layout_cave_pools, nicolae_overflow_hidden_temple, minitemple,
          zin_treasury, minmay_temple_entry_sparse_star, enter_ossuary_1,
          ebering_ghost_disaster_area, uniq_duvessa, uniq_eustachio
D:5:      layout_loops_ring
D:6:      layout_cave_pods
D:7:      layout_basic, gammafunk_ghost_nasty_kobolds, nicolae_sextant,
          uniq_prince_ribbit1, uniq_harold
D:8:      gammafunk_indiana_jones, layout_layer_cave,
          nicolae_tso_besieged_by_evil, general_overflow_altar,
          lair_entry_dummy, basic_altar, uniq_psyche
D:9:      layout_basic, kennysheep_little_box, uniq_maurice
D:10:     layout_loops_ring, erik_orc_2
D:11:     layout_basic, gauntlet_entry_generic, bh_hangedman_babel_library,
          uniq_erica
Temple:   oiseaux_autumnal_temple
Gauntlet: minmay_gauntlet_mixed_big_or_small [nicolae_gauntlet_arena_grate_2,
          minmay_gauntlet_arena_77_mess, gammafunk_gauntlet_arena_teeth,
          minmay_gauntlet_arena_77_fan, gammafunk_gauntlet_arena_grid,
          minmay_gauntlet_arena_77_tiled_triplets,
          nicolae_gauntlet_exit_dead_adventurers]

Skill      XL: |  1  2  3  4  5  6  7  8  9 10 11 |
---------------+----------------------------------+-----
Dodging        | 2 3 |  3.2
Short Blades   | 1 2 3 |  3.0
Throwing       | 1 2 3 4 5 6 |  6.7
Fighting       | 2 3 4 5 6 7 |  7.4
Shields        | 1 2 3 4 5 6 |  6.3
Armour         | 1 2 3 4 5 6 |  6.1
Invocations    | 3 5 7 |  7.8
Evocations     | 2 4 5 |  5.8
Axes           | 1 3 |  3.9
Necromancy     | 1 2 |  2.9
Unarmed Combat | |  2.6
Spellcasting   | |  2.0
Transmutations | |  1.7

Action                   |  1- 3 |  4- 6 |  7- 9 | 10-12 || total
-------------------------+-------+-------+-------+-------++-------
Melee: Dagger            |   147 |     3 |       |       ||   150
       Kick              |     4 |     2 |   103 |    86 ||   195
       Headbutt          |     1 |     1 |       |       ||     2
       Rapier            |       |   543 |   374 |       ||   917
       Unarmed           |       |       |     1 |       ||     1
       Hand axe          |       |       |    42 |   278 ||   320
       Glaive            |       |       |       |    19 ||    19
Throw: Stone             |     2 |    10 |     6 |       ||    18
       Dart              |       |       |    91 |    10 ||   101
       Boomerang         |       |       |    22 |     4 ||    26
 Cast: Beastly Appendage |     3 |     1 |       |       ||     4
Invok: Stomp             |       |       |     3 |     1 ||     4
Evoke: Wand              |       |       |     1 |     6 ||     7
  Use: Potion            |       |       |     2 |       ||     2
       Scroll            |       |       |     7 |     7 ||    14
 Stab: Paralysed         |       |       |     2 |    12 ||    14
Armor: Robe              |     1 |       |       |       ||     1
       Ring mail         |    55 |   215 |    11 |     3 ||   284
       Scale mail        |       |       |    89 |       ||    89
       Skin              |       |       |    10 |       ||    10
       Ice dragon scales |       |       |    61 |   114 ||   175
Dodge: Dodged            |    74 |   120 |    74 |    77 ||   345
Block: Tower shield      |       |   263 |   165 |       ||   428
       Kite shield       |       |       |    61 |   152 ||   213
